TOP OF THE 1ST |
Oakland Oaks batting - Pitching for Miami Beach Marlins : RHP Eric Schafer
|
Pitching: RHP Eric Schafer
|
|
Batting: RHB Scott Lister
|
0-0: Called Strike 0-1: Ball 1-1: Ball 2-1: Ball 3-1: Base on Balls
|
Batting: RHB Chris Bohm
|
0-0: Ball Scott Lister steals 2nd base 1-0: Ball 2-0: Ball 3-0: Called Strike 3-1: Fly out, F9 (Flyball, 9S, EV 86.9 MPH)
|
Batting: SHB D.J. Codd
|
0-0: Ball 1-0: Called Strike 1-1: Ball Scott Lister steals 3rd base 2-1: Swinging Strike 2-2: Ball 3-2: Base on Balls
|
Batting: RHB Todd Vanasco
|
0-0: Called Strike 0-1: Called Strike D.J. Codd steals 2nd, throwing error, E2 Scott Lister scores D.J. Codd to third 0-2: Strikes out swinging
|
Batting: RHB Tetsuya Shinoda
|
0-0: Called Strike 0-1: Ball 1-1: Swinging Strike 1-2: Ball 2-2: SINGLE (Groundball, 4MD, EV 100.0 MPH) D.J. Codd scores
|
Batting: RHB Tim Cordle
|
0-0: Swinging Strike 0-1: Foul Ball, location: 2F 0-2: Ball 1-2: Fly out, F9 (Flyball, 9, EV 85.0 MPH)
|
Top of the 1st over - 2 runs, 1 hit, 1 error, 1 left on base; Oakland 2 - Miami Beach 0 |
BOTTOM OF THE 1ST |
Miami Beach Marlins batting - Pitching for Oakland Oaks : RHP Craig Daniel
|
Pitching: RHP Craig Daniel
|
|
Batting: LHB Orlando Rivera
|
0-0: Ball 1-0: Ball 2-0: Bunt for hit to 3S - play at first, batter safe!
|
Batting: RHB Jason Thrash
|
0-0: Called Strike 0-1: Swinging Strike 0-2: Strikes out looking
|
Batting: RHB Mike Gar
|
0-0: Foul Ball, location: 2F 0-1: Ball 1-1: Swinging Strike 1-2: SINGLE (Line Drive, 89M, EV 84.4 MPH) Orlando Rivera to second Runner from 2nd tries for 3rd, SAFE, throw by RF made to third Mike Gar to second
|
Batting: RHB Jeremy Harden
|
0-0: Called Strike 0-1: Ball 1-1: Swinging Strike 1-2: Strikes out swinging
|
Batting: RHB Rick English
|
0-0: Called Strike 0-1: Called Strike 0-2: Ball 1-2: Strikes out swinging
|
Bottom of the 1st over - 0 runs, 2 hits, 0 errors, 2 left on base; Oakland 2 - Miami Beach 0 |
TOP OF THE 2ND |
Oakland Oaks batting - Pitching for Miami Beach Marlins : RHP Eric Schafer
|
Batting: RHB Shannon Beck
|
0-0: Swinging Strike 0-1: Ball 1-1: SOLO HOME RUN (Flyball, 7LD, EV 96.9 MPH), Distance : 367 ft
|
Batting: LHB Felipe Gomez
|
0-0: Fly out, F9 (Flyball, 9LM, EV 100.6 MPH)
|
Batting: RHB Tim Anderson
|
0-0: Ball 1-0: SINGLE (Groundball, 56S, EV 64.4 MPH) (infield hit)
|
Batting: RHB Scott Lister
|
0-0: Called Strike Tim Anderson steals 2nd base 0-1: Foul Ball, location: 2F 0-2: Ball 1-2: Ball 2-2: SINGLE (Groundball, 6MD, EV 100.6 MPH) Tim Anderson to third Runner from 3rd tries for Home, SAFE, throw by CF to home
|
Batting: RHB Chris Bohm
|
0-0: Ball 1-0: Ball Scott Lister steals 2nd base (no throw) 2-0: Fly out, F7 (Line Drive, 7, EV 91.2 MPH)
|
Batting: SHB D.J. Codd
|
0-0: Ball 1-0: Swinging Strike 1-1: Foul Ball, location: 2F 1-2: Ball 2-2: Ball 3-2: Base on Balls
|
Pitching: LHP Matt Boehm
|
|
Batting: RHB Todd Vanasco
|
0-0: Called Strike 0-1: Ball 1-1: Swinging Strike 1-2: Ground out 5-3 (Groundball, 56S, EV 73.1 MPH)
|
Top of the 2nd over - 2 runs, 3 hits, 0 errors, 2 left on base; Oakland 4 - Miami Beach 0 |
BOTTOM OF THE 2ND |
Miami Beach Marlins batting - Pitching for Oakland Oaks : RHP Craig Daniel
|
Batting: RHB Keith Bennett
|
0-0: Ball 1-0: Foul Ball, location: 2F 1-1: Ball 2-1: Ball 3-1: Foul Ball, location: 2F 3-2: Strikes out looking
|
Batting: RHB Manuel Taveras
|
0-0: Ball 1-0: Called Strike 1-1: Ball 2-1: Ball 3-1: Fly out, F6 (Popup, 6MD, EV 51.2 MPH)
|
Batting: RHB Robbie Gomez
|
0-0: Called Strike 0-1: Foul Ball, location: 2F 0-2: Strikes out looking
|
Bottom of the 2nd over - 0 runs, 0 hits, 0 errors, 0 left on base; Oakland 4 - Miami Beach 0 |
TOP OF THE 3RD |
Oakland Oaks batting - Pitching for Miami Beach Marlins : LHP Matt Boehm
|
Batting: RHB Tetsuya Shinoda
|
0-0: SINGLE (Line Drive, 34D, EV 103.1 MPH)
|
Batting: RHB Tim Cordle
|
0-0: Called Strike 0-1: Called Strike 0-2: Foul Ball, location: 2F 0-2: Foul Ball, location: 2F 0-2: Strikes out swinging
|
Batting: RHB Shannon Beck
|
0-0: Ball 1-0: Swinging Strike 1-1: Called Strike 1-2: Ball 2-2: Foul Ball, location: 2F 2-2: Strikes out looking
|
Batting: LHB Felipe Gomez
|
0-0: Foul Ball, location: 2F 0-1: Foul Ball, location: 2F 0-2: Ball 1-2: Ball 2-2: Ball 3-2: Fly out, F6 (Popup, 6M, EV 72.5 MPH)
|
Top of the 3rd over - 0 runs, 1 hit, 0 errors, 1 left on base; Oakland 4 - Miami Beach 0 |
BOTTOM OF THE 3RD |
Miami Beach Marlins batting - Pitching for Oakland Oaks : RHP Craig Daniel
|
Batting: SHB Justin Corbett
|
0-0: Foul Ball, location: 2F 0-1: Ball 1-1: Fly out, F7 (Flyball, 7LM, EV 84.4 MPH)
|
Batting: LHB Orlando Rivera
|
0-0: Swinging Strike 0-1: Foul Ball, location: 2F 0-2: Strikes out swinging
|
Batting: RHB Jason Thrash
|
0-0: Called Strike 0-1: DOUBLE (Line Drive, 7LM, EV 111.2 MPH)
|
Batting: RHB Mike Gar
|
0-0: Ball 1-0: Called Strike 1-1: Foul Ball, location: 2F 1-2: Ball 2-2: Strikes out looking
|
Bottom of the 3rd over - 0 runs, 1 hit, 0 errors, 1 left on base; Oakland 4 - Miami Beach 0 |
TOP OF THE 4TH |
Oakland Oaks batting - Pitching for Miami Beach Marlins : LHP Matt Boehm
|
Pitching: RHP Franklin Vazquez
|
|
Batting: RHB Tim Anderson
|
0-0: Fly out, F8 (Flyball, 8LM, EV 86.2 MPH)
|
Batting: RHB Scott Lister
|
0-0: Ball 1-0: Called Strike 1-1: Swinging Strike 1-2: Ball 2-2: Foul Ball, location: 2F 2-2: Ball 3-2: Strikes out swinging, 2-3 out at first.
|
Batting: RHB Chris Bohm
|
0-0: Ball 1-0: Ball 2-0: Ball 3-0: Called Strike 3-1: SINGLE (Flyball, 3D, EV 89.4 MPH)
|
Batting: SHB D.J. Codd
|
0-0: Ball Chris Bohm is caught stealing 2nd base 2-6
|
Top of the 4th over - 0 runs, 1 hit, 0 errors, 0 left on base; Oakland 4 - Miami Beach 0 |
BOTTOM OF THE 4TH |
Miami Beach Marlins batting - Pitching for Oakland Oaks : RHP Craig Daniel
|
Batting: RHB Jeremy Harden
|
0-0: Ball 1-0: Ball 2-0: Foul Ball, location: 2F 2-1: Ball 3-1: Called Strike 3-2: Strikes out looking
|
Batting: RHB Rick English
|
0-0: Called Strike 0-1: Ball 1-1: Foul Ball, location: 2F 1-2: Foul Ball, location: 2F 1-2: Ball 2-2: Foul Ball, location: 2F 2-2: Strikes out swinging
|
Batting: RHB Keith Bennett
|
0-0: Foul Ball, location: 2F 0-1: Called Strike 0-2: Ball 1-2: Strikes out swinging
|
Bottom of the 4th over - 0 runs, 0 hits, 0 errors, 0 left on base; Oakland 4 - Miami Beach 0 |
TOP OF THE 5TH |
Oakland Oaks batting - Pitching for Miami Beach Marlins : RHP Franklin Vazquez
|
Batting: SHB D.J. Codd
|
0-0: Called Strike 0-1: Foul Ball, location: 2F 0-2: Ball 1-2: Ball 2-2: Ball 3-2: SOLO HOME RUN (Flyball, 8RXD, EV 115.6 MPH), Distance : 455 ft
|
Pitching: RHP Alfonso Mier
|
|
Batting: RHB Todd Vanasco
|
0-0: Ball 1-0: Called Strike 1-1: Ball 2-1: Ball 3-1: Base on Balls
|
Batting: RHB Tetsuya Shinoda
|
0-0: Called Strike 0-1: SINGLE (Line Drive, 7S, EV 103.1 MPH) Todd Vanasco to second
|
Batting: RHB Tim Cordle
|
0-0: Ball 1-0: Called Strike 1-1: SINGLE (Flyball, 56D, EV 95.0 MPH) Todd Vanasco to third Tetsuya Shinoda to second
|
Batting: RHB Shannon Beck
|
0-0: Called Strike 0-1: Swinging Strike 0-2: Ball 1-2: Strikes out swinging
|
Batting: LHB Felipe Gomez
|
0-0: Called Strike 0-1: Swinging Strike 0-2: Strikes out swinging
|
Batting: RHB Tim Anderson
|
0-0: Fly out, F8 (Line Drive, 8RM, EV 85.6 MPH)
|
Top of the 5th over - 1 run, 3 hits, 0 errors, 3 left on base; Oakland 5 - Miami Beach 0 |
BOTTOM OF THE 5TH |
Miami Beach Marlins batting - Pitching for Oakland Oaks : RHP Craig Daniel
|
Batting: RHB Manuel Taveras
|
0-0: Ball 1-0: Called Strike 1-1: DOUBLE (Line Drive, 78M, EV 108.1 MPH)
|
Batting: RHB Robbie Gomez
|
0-0: Called Strike 0-1: Fly out, F7 (Flyball, 7S, EV 75.0 MPH)
|
Batting: SHB Justin Corbett
|
0-0: Called Strike 0-1: Swinging Strike 0-2: Strikes out swinging
|
Batting: LHB Orlando Rivera
|
0-0: Foul Ball, location: 2F 0-1: Foul Ball, location: 2F 0-2: Foul Ball, location: 2F 0-2: Ball 1-2: Ball 2-2: Ground out 3-1 (Groundball, 34D, EV 89.4 MPH)
|
Bottom of the 5th over - 0 runs, 1 hit, 0 errors, 1 left on base; Oakland 5 - Miami Beach 0 |
TOP OF THE 6TH |
Oakland Oaks batting - Pitching for Miami Beach Marlins : RHP Alfonso Mier
|
Pitching: RHP Cesar Jimenez
|
|
Batting: RHB Scott Lister
|
0-0: Foul Ball, location: 2F 0-1: Ball 1-1: Foul Ball, location: 2F 1-2: Ball 2-2: SINGLE (Groundball, 15, EV 81.9 MPH) (infield hit)
|
Batting: RHB Chris Bohm
|
0-0: Called Strike 0-1: Called Strike 0-2: Foul Ball, location: 2F 0-2: Ball 1-2: Ball 2-2: Foul Ball, location: 2F 2-2: Ball 3-2: SINGLE (Line Drive, 7S, EV 98.8 MPH) Scott Lister to second
|
Batting: SHB D.J. Codd
|
0-0: Swinging Strike Passed Ball! Scott Lister to third Chris Bohm to second 0-1: Called Strike 0-2: Ball 1-2: Ball 2-2: Ball 3-2: Hit by Pitch
|
Pitching: RHP Felix Moreno
|
|
Batting: RHB Todd Vanasco
|
0-0: Ball 1-0: Called Strike 1-1: Ball 2-1: Ball 3-1: Base on Balls Scott Lister scores Chris Bohm to third D.J. Codd to second
|
Batting: RHB Tetsuya Shinoda
|
0-0: Called Strike 0-1: Fly out, F8 (Flyball, 78D, EV 100.6 MPH) Runner from 3rd tags up, SCORES, no throw by CF
|
Batting: RHB Tim Cordle
|
0-0: Called Strike 0-1: Ball 1-1: Called Strike 1-2: Ball 2-2: SINGLE (Groundball, 34D, EV 94.4 MPH) D.J. Codd to third Todd Vanasco to second Runner from 3rd tries for Home, throw by RF and OUT! 9-2
|
Batting: RHB Shannon Beck
|
0-0: Ball 1-0: Ball 2-0: Ball 3-0: Called Strike 3-1: Base on Balls Todd Vanasco to third Tim Cordle to second
|
Batting: LHB Felipe Gomez
|
0-0: Called Strike 0-1: Ball 1-1: Ball 2-1: Foul Ball, location: 2F 2-2: Ball 3-2: Base on Balls Todd Vanasco scores Tim Cordle to third Shannon Beck to second
|
Pitching: RHP Santiago Navarro
|
|
Batting: RHB Tim Anderson
|
0-0: Called Strike 0-1: Ball 1-1: Ball 2-1: Foul Ball, location: 2F 2-2: Foul Ball, location: 2F 2-2: Foul Ball, location: 2F 2-2: Ball 3-2: Foul Ball, location: 2F 3-2: Base on Balls Tim Cordle scores Shannon Beck to third Felipe Gomez to second
|
Batting: RHB Scott Lister
|
0-0: Called Strike 0-1: Foul Ball, location: 2F 0-2: Ball 1-2: Strikes out looking
|
Top of the 6th over - 4 runs, 3 hits, 0 errors, 3 left on base; Oakland 9 - Miami Beach 0 |
BOTTOM OF THE 6TH |
Miami Beach Marlins batting - Pitching for Oakland Oaks : RHP Craig Daniel
|
Batting: RHB Jason Thrash
|
0-0: Called Strike 0-1: Ball 1-1: Called Strike 1-2: Strikes out looking
|
Batting: RHB Mike Gar
|
0-0: Ball 1-0: Ball 2-0: Foul Ball, location: 2F 2-1: Ball 3-1: Ground out 4-3 (Groundball, 4MS, EV 85.0 MPH)
|
Batting: RHB Jeremy Harden
|
0-0: Ball 1-0: Called Strike 1-1: Foul Ball, location: 2F 1-2: Fly out, F9 (Flyball, 9, EV 93.1 MPH)
|
Bottom of the 6th over - 0 runs, 0 hits, 0 errors, 0 left on base; Oakland 9 - Miami Beach 0 |
TOP OF THE 7TH |
Oakland Oaks batting - Pitching for Miami Beach Marlins : RHP Santiago Navarro
|
Batting: RHB Chris Bohm
|
0-0: Ball 1-0: Ball 2-0: Called Strike 2-1: Ball 3-1: Base on Balls
|
Pitching: RHP Ryan Weedon
|
|
Pinch Hitting: RHB Jon Coleman
|
0-0: Called Strike 0-1: Swinging Strike 0-2: Ball 1-2: Strikes out looking
|
Batting: RHB Todd Vanasco
|
0-0: Ball Chris Bohm steals 2nd base 1-0: Ball 2-0: Ball 3-0: Base on Balls
|
Pinch Hitting: RHB Emiel Schlepers
|
0-0: Ball 1-0: Ball 2-0: Ball 3-0: Base on Balls Chris Bohm to third Todd Vanasco to second
|
Pinch Hitting: RHB Jake Leffel
|
Balk! Chris Bohm scores Todd Vanasco to third Emiel Schlepers to second 0-0: Swinging Strike 0-1: Called Strike 0-2: Ground out 5-3 (Groundball, 56S, EV 83.1 MPH) Todd Vanasco scores
|
Batting: RHB Shannon Beck
|
0-0: Ball 1-0: Foul Ball, location: 2F 1-1: Called Strike 1-2: Foul Ball, location: 2F 1-2: Strikes out swinging
|
Top of the 7th over - 2 runs, 0 hits, 0 errors, 1 left on base; Oakland 11 - Miami Beach 0 |
BOTTOM OF THE 7TH |
Miami Beach Marlins batting - Pitching for Oakland Oaks : RHP Craig Daniel
|
Now at 1B: Jon Coakley
|
|
Now at 3B: Mike Gangi
|
|
Now in LF: Jon Coleman
|
|
Batting: RHB Rick English
|
0-0: Ball 1-0: Ball 2-0: Called Strike 2-1: Ground out 4-3 (Groundball, 4, EV 106.9 MPH)
|
Batting: RHB Keith Bennett
|
0-0: Ball 1-0: Foul Ball, location: 2F 1-1: Foul Ball, location: 2F 1-2: Foul Ball, location: 2F 1-2: Strikes out swinging
|
Batting: RHB Manuel Taveras
|
0-0: Ball 1-0: Foul Ball, location: 2F 1-1: Foul Ball, location: 2F 1-2: Fly out, F7 (Flyball, 7D, EV 102.5 MPH)
|
Bottom of the 7th over - 0 runs, 0 hits, 0 errors, 0 left on base; Oakland 11 - Miami Beach 0 |
TOP OF THE 8TH |
Oakland Oaks batting - Pitching for Miami Beach Marlins : RHP Ryan Weedon
|
Pitching: RHP Miguel Velasco
|
|
Pinch Hitting: RHB Sergio Torres
|
0-0: Ball 1-0: Ball 2-0: Foul Ball, location: 2F 2-1: Swinging Strike 2-2: Foul Ball, location: 2F 2-2: Fly out, F4 (Popup, 4D, EV 68.1 MPH)
|
Batting: RHB Tim Anderson
|
0-0: Called Strike 0-1: Ball 1-1: Fly out, F8 (Flyball, 8LD, EV 90.0 MPH)
|
Batting: RHB Scott Lister
|
0-0: Called Strike 0-1: Ball 1-1: Foul Ball, location: 2F 1-2: Fly out, F4 (Popup, 34D, EV 72.5 MPH)
|
Top of the 8th over - 0 runs, 0 hits, 0 errors, 0 left on base; Oakland 11 - Miami Beach 0 |
BOTTOM OF THE 8TH |
Miami Beach Marlins batting - Pitching for Oakland Oaks : RHP Craig Daniel
|
Now in RF: Walt Alaniz
|
|
Batting: RHB Robbie Gomez
|
0-0: SINGLE (Line Drive, 4D, EV 94.4 MPH)
|
Batting: SHB Justin Corbett
|
0-0: Ball 1-0: Fly out, F7 (Flyball, 7LS, EV 91.2 MPH)
|
Batting: RHB Justin Dunham
|
0-0: Foul Ball, location: 2F 0-1: Called Strike 0-2: Strikes out swinging
|
Batting: RHB Jason Thrash
|
0-0: Swinging Strike 0-1: Called Strike 0-2: Ball 1-2: Strikes out looking
|
Bottom of the 8th over - 0 runs, 1 hit, 0 errors, 1 left on base; Oakland 11 - Miami Beach 0 |
TOP OF THE 9TH |
Oakland Oaks batting - Pitching for Miami Beach Marlins : RHP Miguel Velasco
|
Batting: RHB Chris Bohm
|
0-0: Ground out 6-3 (Groundball, 6, EV 76.9 MPH)
|
Batting: RHB Jon Coleman
|
0-0: Ball 1-0: Called Strike 1-1: Ball 2-1: Ground out 4-3 (Groundball, 4, EV 101.9 MPH)
|
Pinch Hitting: RHB Chris Temple
|
0-0: Ball 1-0: Fly out, F9 (Line Drive, 9D, EV 90.6 MPH)
|
Top of the 9th over - 0 runs, 0 hits, 0 errors, 0 left on base; Oakland 11 - Miami Beach 0 |
BOTTOM OF THE 9TH |
Miami Beach Marlins batting - Pitching for Oakland Oaks : RHP Craig Daniel
|
Now at C: Chris Temple
|
|
Batting: RHB Mike Gar
|
0-0: Ball 1-0: Ball 2-0: Foul Ball, location: 2F 2-1: SINGLE (Line Drive, 9S, EV 89.4 MPH)
|
Batting: RHB Jeremy Harden
|
0-0: Ball 1-0: Ball 2-0: Ball 3-0: Called Strike 3-1: Foul Ball, location: 2F 3-2: Foul Ball, location: 2F 3-2: Foul Ball, location: 2F 3-2: Reached on error, E5 (Groundball, 56, EV 108.8 MPH) Mike Gar to second
|
Batting: RHB Rick English
|
0-0: Called Strike 0-1: Ball 1-1: Fly out, F8 (Line Drive, 8LD, EV 94.4 MPH)
|
Pitching: RHP Igoryok Wolgaevsky
|
|
Pinch Hitting: SHB Greg Rivera
|
0-0: Fly out, F5 (Popup, 56, EV 78.1 MPH)
|
Batting: RHB Manuel Taveras
|
0-0: Called Strike 0-1: SINGLE (Groundball, 6MD, EV 93.8 MPH) Mike Gar to third Jeremy Harden to second
|
Batting: RHB Robbie Gomez
|
0-0: Foul Ball, location: 2F 0-1: Ball 1-1: Ground out 4-3 (Groundball, 34, EV 86.2 MPH)
|
Bottom of the 9th over - 0 runs, 2 hits, 1 error, 3 left on base; Oakland 11 - Miami Beach 0 |
|